AoeStats
← pascapas

Pilgrims

507363825Analyzed
4v4 RM · 16d ago on Sep 17, 2026· 46m 29s· 8 players
Game mode
Random Map
Map size
Large (8 player)
Population
200
Speed
Normal
Resources
Standard
Victory
Conquest
Starting age
Dark Age
Ending age
Imperial Age
RankedLock teamsTeams togetherTeam positionsShared explorationLock speedFull tech treeHidden civsTurbo modeCheats
Victory
Defeat
🇬🇧 Vikings · United Kingdom
815
+13
🇨🇭 Huns · Switzerland
800
+14
🇧🇷 Japanese · Brazil
791
+14
🇺🇸 Japanese · United States
775
+15
🇦🇷 Byzantines · Argentina
812
-16
🇵🇱 Mongols · Poland
744
-14
🇦🇷 Chinese · Argentina
724
-13
🇲🇽 Bohemians · Mexico
718
-13
Mf MelloMike
11:27 Feudal Age
12:50 Wheelbarrow
12:01 Loom
12:40 Double-Bit Axe
13:07 Horse Collar
15:27 Man-at-Arms
17:09 Fishing Lines
22:00 Forging
21:54 Scale Mail Armor
27:13 Castle Age
26:06 Stone Mining
31:03 Gold Mining
34:25 Arson
40:27 Imperial Age
38:58 Chain Mail Armor
39:23 Squires
41:05 Gold Shaft Mining
41:32 Kataparuto
44:57 Iron Casting
Fiscal Ricardo
14:39 Feudal Age
21:58 Fishing Lines
29:26 Double-Bit Axe
30:47 Horse Collar
33:58 Castle Age
31:54 Man-at-Arms
33:20 Scale Mail Armor
34:21 Long Swordsman
34:25 Elite Skirmisher
37:23 Crossbowman
38:59 Forging
41:20 Heavy Plow
41:56 Bow Saw
42:29 Town Watch
43:23 Wheelbarrow
44:26 Hand Cart
44:15 Town Patrol
45:31 Gold Mining
45:44 Treadmill Crane
Greenland Viking
5:34 Loom
9:45 Loom
13:20 Feudal Age
17:03 Man-at-Arms
23:33 Castle Age
22:00 Fishing Lines
22:53 Fletching
23:14 Forging
23:05 Scale Mail Armor
26:32 Bodkin Arrow
27:13 Iron Casting
26:54 Chain Mail Armor
28:37 Arson
29:33 Ballistics
33:31 Careening
33:32 Clinker Construction
34:31 Medium Warships
37:24 Crossbowman
37:36 Elite Skirmisher
44:32 Imperial Age
42:31 Padded Archer Armor
42:58 Gillnets
43:46 Scale Barding Armor
43:57 Leather Archer Armor
46:53 Chemistry
47:19 Conscription
pascapas
13:39 Feudal Age
17:13 Double-Bit Axe
18:16 Bloodlines
20:44 Castle Age
25:14 Scale Barding Armor
25:20 Forging
25:11 Horse Collar
32:37 Heavy Plow
33:39 Bow Saw
34:10 Iron Casting
35:05 Gold Mining
39:54 Imperial Age
36:50 Light Cavalry
39:03 Chain Barding Armor
38:34 Fletching
39:12 Husbandry
40:49 Wheelbarrow
40:22 Cavalier
41:16 Town Watch
44:22 Blast Furnace
45:51 Paladin
White Wolf
4:45 Loom
15:05 Feudal Age
24:16 Horse Collar
Kayan
7:39 Loom
12:15 Feudal Age
12:46 Double-Bit Axe
14:01 Horse Collar
20:05 Wheelbarrow
23:34 Castle Age
24:45 Stone Mining
26:05 Bow Saw
29:30 Fishing Lines
jagermesiter
6:38 Loom
11:44 Feudal Age
12:03 Man-at-Arms
19:40 Arson
23:29 Wheelbarrow
28:04 Castle Age
26:50 Forging
26:51 Horse Collar
30:52 Pikeman
33:47 Long Swordsman
35:13 Squires
38:11 Elite Skirmisher
40:42 Fletching
40:53 Scale Mail Armor
41:08 Squires
40:34 Crossbowman
42:53 Thumb Ring
matutevol6
15:04 Feudal Age
17:22 Forging
17:19 Scale Barding Armor
18:13 Fletching
18:23 Padded Archer Armor
18:51 Man-at-Arms
19:17 Arson
20:36 Scale Mail Armor
21:31 Double-Bit Axe
21:29 Horse Collar
27:31 Gold Mining
27:37 Stone Mining
30:08 Castle Age
31:43 Leather Archer Armor
31:23 Bodkin Arrow
32:13 Medium Warships
34:27 Heavy Plow
36:10 Gold Shaft Mining
37:08 Ballistics
38:28 Stone Shaft Mining
43:27 Bow Saw
45:49 Imperial Age
Connection lost

Rejoining the realm…

Still unreachable

The connection could not be restored.

Session expired

The server has moved on; the page needs a fresh start.